 Dungeon Crawl Stone Soup version 0.27-a0-1308-gc08437e49b (webtiles) character file.

Game seed: 6843146399647821634

42763 mordus the Archer (level 14, 0/108 HPs)
             Began as a Gnoll Conjurer on June 17, 2021.
             Was a High Priest of Vehumet.
             Slain by a death yak (16 damage)
             ... on level 3 of the Lair of Beasts on June 18, 2021.
             The game lasted 01:56:44 (22256 turns).

mordus the Archer (Gnoll Conjurer)                 Turns: 22256, Time: 01:56:44

Health: 0/108      AC: 11    Str: 21    XL:     14   Next: 21%
Magic:  1/37       EV: 15    Int: 23    God:    Vehumet [*****.]
Gold:   856        SH:  0    Dex: 11    Spells: 2/33 levels left

rFire    + + +     SeeInvis .   B - +8 quarterstaff of the Endless March {freeze, rPois rN++ Str+2}
rCold    + . .     Faith    .   (shield currently unavailable)
rNeg     + + .     Spirit   .   I - +1 robe "Woimemy" {*Corrode rF+++ Str+7}
rPois    +         Reflect  .   u - +1 hat {Int+3}
rElec    +         Harm     .   (no cloak)
rCorr    .         Rampage  .   (no gloves)
Will     +....                  L - +1 pair of boots of Space {rElec rC+}
Stlth    +++++.....             (no amulet)
HPRegen  0.28/turn              c - ring of magical power
MPRegen  0.25/turn              j - ring of Fixation {rElec AC+4 Str+3 Stlth+}

@: studying Bows
A: fangs 1, strong nose, distributed training
a: Renounce Religion


You were on level 3 of the Lair of Beasts.
You worshipped Vehumet.
Vehumet was extremely pleased with you.
You visited 3 branches of the dungeon, and saw 17 of its levels.

You collected 1078 gold pieces.
You spent 222 gold pieces at shops.

Inventory:

Hand Weapons
 i - a +3 falchion of chaos
 t - a +1 vorpal flail
 y - the +6 dagger "Mavull" {drain, rF+ Str+2 Dex+4}
   (You found it on level 4 of the Dungeon)

   A truly terrible weapon, it drains the life of those it strikes.
   It affects your strength (+2).
   It affects your dexterity (+4).
   It protects you from fire.
 B - the +8 quarterstaff of the Endless March (weapon) {freeze, rPois rN++ Str+2}
   (You found it on level 5 of the Dungeon)

   It has been specially enchanted to freeze those struck by it, causing extra
   injury to most foes and up to half again as much damage against particularly
   susceptible opponents.
   It can also slow down cold-blooded creatures.
   It affects your strength (+2).
   It protects you from poison.
   It greatly protects you from negative energy.
 P - a +3 scimitar of flaming
 R - the +9 scimitar "Houny" {vorpal, rPois rC+ Dex-3}
   (You found it on level 9 of the Dungeon)

   It inflicts extra damage upon your enemies.
   It affects your dexterity (-3).
   It protects you from cold.
   It protects you from poison.
Missiles
 x - 4 curare-tipped darts
 M - 4 throwing nets
Armour
 g - the +0 leather armour "Huonekus" {Will+ Str+3}
   (You found it on level 12 of the Dungeon)

   It affects your strength (+3).
   It increases your willpower.
 h - a +2 pair of boots
 l - a +1 helmet
 s - a +0 leather armour of positive energy
 u - a +1 hat of intelligence (worn)
 I - the +1 robe "Woimemy" (worn) {*Corrode rF+++ Str+7}
   (You found it on level 8 of the Dungeon)

   It affects your strength (+7).
   It renders you almost immune to fire.
   It may corrode you when you take damage.
 L - the +1 pair of boots of Space (worn) {rElec rC+}
   (You bought it in a shop on level 8 of the Dungeon)

   It protects you from cold.
   It insulates you from electricity.
 W - a +2 helmet
Magical Staves
 b - a staff of death
 d - a staff of conjuration
Jewellery
 c - a ring of magical power (left hand)
 j - the ring of Fixation (right hand) {rElec AC+4 Str+3 Stlth+}
   (You acquired it on level 11 of the Dungeon)

   [ring of protection]

   It affects your AC (+4).
   It affects your strength (+3).
   It insulates you from electricity.
   It makes you more stealthy.
 m - a ring of flight
 q - a +4 ring of evasion
 D - a ring of magical power
 X - a ring of see invisible
Wands
 p - a wand of polymorph (27)
 G - a wand of digging (2)
 J - a wand of iceblast (35)
 Q - a wand of paralysis (13)
 S - a wand of flame (35)
Scrolls
 a - a scroll of fear
 e - 4 scrolls of fog
 n - a scroll of acquirement
 v - a scroll of silence
 w - 3 scrolls of amnesia
 A - 6 scrolls of teleportation
 F - 7 scrolls of identify
 K - 2 scrolls of summoning
 N - 2 scrolls of magic mapping
 Y - a scroll of brand weapon
Potions
 f - a potion of berserk rage
 k - a potion of cancellation
 o - 8 potions of curing
 r - a potion of haste
 z - 4 potions of heal wounds
 C - 2 potions of attraction
 E - a potion of might
 H - a potion of brilliance
 V - a potion of mutation {unknown}
Miscellaneous
 O - a condenser vane
 T - a lightning rod (4/4)
 U - a tin of tremorstones (2/2)


   Skills:
 + Level 9.0 Fighting
 + Level 9.0 Short Blades
 + Level 9.0 Long Blades
 + Level 9.0 Axes
 + Level 9.0 Maces & Flails
 + Level 9.0 Polearms
 + Level 9.0 Staves
 + Level 9.0 Slings
 + Level 11.6 Bows
 + Level 9.0 Crossbows
 + Level 9.0 Throwing
 + Level 9.0 Armour
 + Level 10.1 Dodging
 + Level 9.9 Stealth
 + Level 9.0 Shields
 + Level 9.0 Unarmed Combat
 + Level 10.3 Spellcasting
 + Level 10.3 Conjurations
 + Level 7.5 Hexes
 + Level 7.5 Summonings
 + Level 7.5 Necromancy
 + Level 7.5 Translocations
 + Level 7.5 Transmutations
 + Level 7.5 Fire Magic
 + Level 7.5 Ice Magic
 + Level 7.5 Air Magic
 + Level 7.5 Earth Magic
 + Level 7.5 Poison Magic
 + Level 9.8 Invocations
 + Level 9.0 Evocations


You had 2 spell levels left.
You knew the following spells:

 Your Spells              Type           Power      Damage    Failure   Level
a - Magic Dart            Conj           100%       1d8       1%          1
b - Searing Ray           Conj           100%       3d7       1%          2
c - Fulminant Prism       Conj/Hex       26%        3d14      1%          4
d - Iskenderun's Mystic   Conj/Tloc      52%        2d11      1%          4
e - Lee's Rapid Deconstr  Erth           23%        3d14*     1%          5
f - Poisonous Vapours     Pois/Air       92%        N/A       1%          2
g - Mephitic Cloud        Conj/Pois/Air  50%        N/A       1%          3
h - Airstrike             Air            23%        N/A       1%          4
i - Conjure Ball Lightni  Conj/Air       26%        3x3d7     6%          6

Your spell library contained the following spells:

 Spells                   Type           Power      Damage    Failure   Level
 Beastly Appendage        Tmut           92%        N/A       1%          1
 Corona                   Hex            51%        N/A       1%          1
 Freeze                   Ice            100%       1d11      1%          1
 Shock                    Conj/Air       100%       1d9       1%          1
 Ensorcelled Hibernation  Hex/Ice        92%        N/A       1%          2
 Static Discharge         Conj/Air       52%        N/A       1%          2
 Wereblood                Tmut           46%        N/A       1%          2
 Confusing Touch          Hex            46%        N/A       1%          3
 Dazzling Flash           Conj/Hex       100%       N/A       1%          3
 Frozen Ramparts          Ice            92%        1d11      1%          3
 Gell's Gravitas          Tloc           23%        N/A       1%          3
 Ozocubu's Armour         Ice            46%        N/A       1%          3
 Spider Form              Tmut/Pois      23%        N/A       1%          3
 Swiftness                Air            46%        N/A       1%          3
 Tukima's Dance           Hex            46%        N/A       1%          3
 Hailstorm                Conj/Ice       52%        3d12      1%          4
 Lightning Bolt           Conj/Air       26%        1d42      1%          5
 Yara's Violent Unravell  Hex/Tmut       23%        3d10      1%          5
 Ice Form                 Ice/Tmut       46%        N/A       2%          4
 Petrify                  Tmut/Erth      46%        N/A       2%          4
 Metabolic Englaciation   Hex/Ice        23%        N/A       7%          5


Dungeon Overview and Level Annotations

Branches:
Dungeon (12/15)            Temple (1/1) D:4            Lair (4/6) D:9
  Swamp (0/4) Lair:3       Spider (0/4) Lair:3          Orc (0/2) D:12

Altars:
Ashenzari
Cheibriados
Dithmenos
Elyvilon
Fedhas
Gozag
Hepliaklqana
Kikubaaqudgha
Makhleb
Nemelex Xobeh
Okawaru
Qazlal
Ru
Sif Muna
Trog
Uskayaw
Vehumet
Wu Jian
Xom
Yredelemnul
Zin
The Shining One

Shops:
D:3 *   D:8 !*   D:12 (

Annotations:
D:10 2 transporters, cobaltphoenix's ghost, journeyman DrCj
Lair:1 exclusion: 3 oklob plants


Innate Abilities, Weirdness & Mutations

You have very sharp teeth.
Your uncanny sense of smell can sniff out nearby items.
Your experience applies equally to all skills.


Message History

(Press . to maintain the ray.)
The death yak closely misses you.
The searing ray hits the death yak!
The death yak is moderately wounded.
The death yak closely misses you.
The searing ray hits the death yak!
The death yak is heavily wounded.
The death yak gores you!!
The searing ray hits the death yak!
The death yak is heavily wounded.
You finish channeling your searing ray.
The death yak gores you!
You thump the death yak! You freeze the death yak.
The death yak is severely wounded.
The death yak gores you!!
* * * LOW HITPOINT WARNING * * *
Casting: Searing Ray (safe; 1% risk of failure)
Confirm with . or Enter, or press ? or * to list all spells.
You erupt in a blast of force!
The mystic blast hits the fungus!
The fungus begins to die.
The fungus is lightly damaged.
The mystic blast hits the death yak!
The death yak is almost dead.
The death yak is knocked back by the mystic blast.
Casting: Iskenderun's Mystic Blast (safe; 1% risk of failure)
Confirm with . or Enter, or press ? or * to list all spells.
Okay, then.
Casting: Iskenderun's Mystic Blast (safe; 1% risk of failure)
Confirm with . or Enter, or press ? or * to list all spells.
Aiming: Searing Ray (safe; 1% risk of failure)
Press: ? - help, Shift-Dir - straight line, f/p - death yak
Aim: a death yak (almost dead, 94% to hit)
The searing ray hits the death yak.
The death yak is almost dead. (Press . to maintain the ray.) Without enough magic to sustain it, your searing ray dissipates.
You barely miss the death yak.
You bite the death yak, but do no damage.
The death yak is almost dead.
The death yak gores you!
You die...

#.#........##.#^#.#.#^##.....
##..........###.#.#.#.###.....
##...........##.###.#.#^##.....
##............###.#...#^###.....
##.........#.#.##.#^....#.##.....
#P..............####...####......
##.........P.#P..................
##.........##...................
#.......P.####.@................
##.........## #.Y................
#...........# #........#.........
###........####.>................
#...........P..........##.......
##....................####.......
###.......P###........#.##.......
.#........####...................
............##...................


You could see a death yak.

Vanquished Creatures
  Gastronok (Lair:2)
  3 hydras
  Harold (D:6)
  A boulder beetle (D:6)
  An ogre mage (D:11)
  Erica (Lair:1)
  9 two-headed ogres
  A death yak (Lair:4)
  Sonja (D:11)
  Pikel (D:8)
  A manticore (D:12)
  A cyclops (D:12)
  An ugly thing (D:12)
  An ice statue (D:12)
  A black mamba (Lair:1)
  Joseph (D:7)
  7 cane toads
  A gargoyle (D:10)
  An unseen horror (D:12)
  An efreet (D:9)
  9 komodo dragons
  2 rime drakes
  A freezing wraith (D:12)
  6 ice devils (D:12)
  8 trolls
  A hornet (D:9)
  3 jumping spiders (Lair:3)
  2 polar bears
  A meliai zombie (D:11)
  Prince Ribbit (D:7)
  2 wraiths
  2 shadows (D:12)
  6 redbacks (Lair:3)
  Eustachio (D:4)
  37 yaks
  3 wyverns
  2 basilisks
  4 vampire mosquitoes (D:11)
  A warg (D:12)
  Duvessa (D:7)
  2 acid dragons (D:12)
  9 water moccasins
  A floating eye (D:12)
  5 orc warriors
  13 ice beasts
  3 sky beasts
  3 black bears
  5 wolves (Lair:3)
  5 ogres
  5 centaurs
  A phantom (D:5)
  4 kobold brigands
  4 scorpions
  11 bullfrogs
  Dowan (D:7)
  A water moccasin zombie (D:6)
  19 killer bees
  8 wights
  8 electric eels
  4 crimson imps (D:5)
  3 howler monkeys
  3 centaur zombies
  7 orc priests
  A bullfrog zombie (D:6)
  A gnoll shaman (D:8)
  A centaur skeleton (D:5)
  3 hounds
  3 bullfrog skeletons
  3 iguanas
  2 scorpion zombies (D:5)
  11 orc wizards
  2 killer bee zombies
  A howler monkey zombie (D:9)
  Robin (D:2)
  13 gnolls
  5 adders
  5 white imps
  8 ufetubi
  A worm (D:5)
  A dart slug (D:1)
  42 orcs
  5 endoplasms
  5 giant cockroaches
  16 goblins
  8 hobgoblins
  10 jackals
  2 quokkas
  2 ball pythons
  5 bats
  2 frilled lizards (D:1)
  50 kobolds
  8 rats
  A ball lightning (Lair:4)
  3 fulminant prisms
475 creatures vanquished.

Vanquished Creatures (collateral kills)
  A ball lightning (Lair:3)
1 creature vanquished.

Vanquished Creatures (others)
  16 ball lightnings
  76 fulminant prisms
  8 fungi
  28 plants
128 creatures vanquished.

Grand Total: 604 creatures vanquished

Notes
Turn   | Place    | Note
-------+----------+-------------------------------------------
     0 | D:1      | mordus the Gnoll Conjurer began the quest for the Orb.
     0 | D:1      | Reached XP level 1. HP: 13/13 MP: 6/6
   135 | D:1      | Reached XP level 2. HP: 19/19 MP: 4/7
   149 | D:1      | Learned a level 2 spell: Searing Ray
   294 | D:1      | Found a faded altar of an unknown god.
   817 | D:1      | Reached XP level 3. HP: 25/25 MP: 9/9
   865 | D:1      | Reached skill level 5 in Spellcasting
   898 | D:1      | Reached skill level 1 in Invocations
  1015 | D:2      | Found a snail-covered altar of Cheibriados.
  1136 | D:2      | Reached skill level 1 in Fighting
  1136 | D:2      | Reached skill level 1 in Short Blades
  1136 | D:2      | Reached skill level 1 in Long Blades
  1136 | D:2      | Reached skill level 1 in Axes
  1136 | D:2      | Reached skill level 1 in Maces & Flails
  1136 | D:2      | Reached skill level 1 in Polearms
  1136 | D:2      | Reached skill level 1 in Staves
  1136 | D:2      | Reached skill level 1 in Slings
  1136 | D:2      | Reached skill level 1 in Bows
  1136 | D:2      | Reached skill level 1 in Crossbows
  1136 | D:2      | Reached skill level 1 in Throwing
  1136 | D:2      | Reached skill level 1 in Armour
  1136 | D:2      | Reached skill level 1 in Shields
  1136 | D:2      | Reached skill level 1 in Unarmed Combat
  1136 | D:2      | Reached skill level 1 in Evocations
  1139 | D:2      | Noticed Robin
  1144 | D:2      | Killed Robin
  1145 | D:2      | Reached XP level 4. HP: 32/32 MP: 7/11
  1507 | D:2      | Reached skill level 1 in Hexes
  1507 | D:2      | Reached skill level 1 in Summonings
  1507 | D:2      | Reached skill level 1 in Necromancy
  1507 | D:2      | Reached skill level 1 in Translocations
  1507 | D:2      | Reached skill level 1 in Transmutations
  1507 | D:2      | Reached skill level 1 in Fire Magic
  1507 | D:2      | Reached skill level 1 in Ice Magic
  1507 | D:2      | Reached skill level 1 in Air Magic
  1507 | D:2      | Reached skill level 1 in Earth Magic
  1507 | D:2      | Reached skill level 1 in Poison Magic
  1665 | D:3      | Learned a level 4 spell: Fulminant Prism
  1671 | D:3      | Learned a level 4 spell: Iskenderun's Mystic Blast
  1725 | D:3      | Reached XP level 5. HP: 36/37 MP: 12/12
  2015 | D:3      | Found Cejaol's Assorted Antiques.
  2137 | D:3      | Noticed a sky beast
  2142 | D:3      | Killed a sky beast
  2143 | D:3      | Reached XP level 6. HP: 44/44 MP: 13/13
  2494 | D:4      | Reached skill level 5 in Dodging
  2568 | D:4      | Reached skill level 2 in Bows
  2623 | D:4      | Found a staircase to the Ecumenical Temple.
  2639 | Temple   | Entered the Ecumenical Temple
  2741 | Temple   | Became a worshipper of Vehumet
  2962 | D:5      | Entered Level 5 of the Dungeon
  3218 | D:4      | Reached XP level 7. HP: 46/50 MP: 15/15
  3632 | D:4      | Reached * piety under Vehumet
  3632 | D:4      | Offered knowledge of Freeze by Vehumet.
  3640 | D:4      | Learned a level 1 spell: Freeze
  3732 | D:4      | Noticed Eustachio
  3739 | D:4      | Killed Eustachio
  3740 | D:4      | Reached skill level 5 in Stealth
  3970 | D:4      | Identified the +6 dagger "Mavull" {drain, rF+ Str+2 Dex+4}
  4268 | D:5      | Reached XP level 8. HP: 57/57 MP: 16/16
  4269 | D:5      | Identified the +8 quarterstaff of the Endless March
                  | {freeze, rPois rN++ Str+2}
  4370 | D:5      | Reached skill level 3 in Bows
  4373 | D:5      | Noticed a yak
  4381 | D:5      | Killed a yak
  4921 | D:5      | Found a shimmering altar of Xom.
  5308 | D:5      | Reached ** piety under Vehumet
  5308 | D:5      | Offered knowledge of Poisonous Vapours by Vehumet.
  5313 | D:5      | Learned a level 2 spell: Poisonous Vapours
  5625 | D:6      | Noticed a boulder beetle
  5651 | D:6      | Reached XP level 9. HP: 57/65 MP: 18/18
  5890 | D:6      | Reached skill level 4 in Bows
  6333 | D:6      | Killed a boulder beetle
  6334 | D:6      | Reached skill level 5 in Invocations
  6710 | D:7      | Noticed Prince Ribbit
  6715 | D:7      | Killed Prince Ribbit
  6730 | D:7      | Noticed Duvessa
  6732 | D:7      | Noticed Dowan
  6736 | D:7      | Killed Duvessa
  6737 | D:7      | Reached XP level 10. HP: 58/73 MP: 20/20
  6737 | D:7      | Noticed Harold
  6817 | D:7      | You fall into a shaft and drop 3 floors!
  6817 | D:10     | Entered Level 10 of the Dungeon
  6952 | D:8      | Noticed Pikel
  6955 | D:8      | Identified the +1 robe "Woimemy" {*Corrode rF+++ Str+7}
  6966 | D:8      | Reached skill level 5 in Bows
  6966 | D:8      | Killed Pikel
  6967 | D:8      | Reached skill level 5 in Fighting
  6967 | D:8      | Reached skill level 5 in Short Blades
  6967 | D:8      | Reached skill level 5 in Long Blades
  6967 | D:8      | Reached skill level 5 in Axes
  6967 | D:8      | Reached skill level 5 in Maces & Flails
  6967 | D:8      | Reached skill level 5 in Polearms
  6967 | D:8      | Reached skill level 5 in Staves
  6967 | D:8      | Reached skill level 5 in Slings
  6967 | D:8      | Reached skill level 5 in Crossbows
  6967 | D:8      | Reached skill level 5 in Throwing
  6967 | D:8      | Reached skill level 5 in Armour
  6967 | D:8      | Reached skill level 5 in Shields
  6967 | D:8      | Reached skill level 5 in Unarmed Combat
  6967 | D:8      | Reached skill level 5 in Evocations
  7495 | D:8      | Offered knowledge of Mephitic Cloud by Vehumet.
  7500 | D:8      | Learned a level 3 spell: Mephitic Cloud
  7943 | D:8      | Found Peethr Etoh's Distillery.
  7950 | D:8      | Bought a potion of degeneration for 13 gold pieces
  8075 | D:8      | Reached *** piety under Vehumet
  8195 | D:8      | Found Zugrurutt's Assorted Antiques.
  8203 | D:8      | Bought a pair of dazzling boots for 209 gold pieces
  8203 | D:8      | Identified the +1 pair of boots of Space {rElec rC+} (You
                  | bought it in a shop on level 8 of the Dungeon)
  8242 | D:7      | Noticed a two-headed ogre
  8493 | D:6      | Killed a two-headed ogre
  8494 | D:6      | Reached skill level 6 in Bows
  8748 | D:7      | Noticed Joseph
  9106 | D:6      | Killed Harold
  9284 | D:7      | Killed Dowan
  9285 | D:7      | Reached XP level 11. HP: 70/81 MP: 22/22
  9451 | D:7      | Offered knowledge of Airstrike by Vehumet.
  9565 | D:7      | Reached skill level 7 in Bows
  9567 | D:7      | Killed Joseph
  9568 | D:7      | Reached skill level 5 in Hexes
  9568 | D:7      | Reached skill level 5 in Summonings
  9568 | D:7      | Reached skill level 5 in Necromancy
  9568 | D:7      | Reached skill level 5 in Translocations
  9568 | D:7      | Reached skill level 5 in Transmutations
  9568 | D:7      | Reached skill level 5 in Fire Magic
  9568 | D:7      | Reached skill level 5 in Ice Magic
  9568 | D:7      | Reached skill level 5 in Air Magic
  9568 | D:7      | Reached skill level 5 in Earth Magic
  9568 | D:7      | Reached skill level 5 in Poison Magic
 10603 | D:10     | Noticed a tengu warrior
 10606 | D:10     | Noticed cobaltphoenix's ghost (journeyman DrCj)
 10607 | D:10     | Found a bloodstained altar of Trog.
 10618 | D:10     | Noticed a moth of wrath
 10621 | D:10     | Noticed a two-headed ogre
 10621 | D:10     | Noticed a two-headed ogre
 10639 | D:10     | Found a transporter.
 10643 | D:10     | Found a transporter.
 10643 | D:10     | Noticed a two-headed ogre
 10682 | D:10     | Reached **** piety under Vehumet
 11219 | D:9      | Learned a level 4 spell: Airstrike
 11499 | D:9      | Found a staircase to the Lair.
 11508 | D:9      | Offered knowledge of Freezing Cloud by Vehumet.
 11991 | D:9      | Noticed a two-headed ogre
 12007 | D:9      | Killed a two-headed ogre
 12008 | D:9      | Reached skill level 8 in Bows
 12225 | D:9      | Identified the +9 scimitar "Houny" {vorpal, rPois rC+
                  | Dex-3}
 12926 | D:11     | Noticed Sonja
 12934 | D:11     | Killed Sonja
 13083 | D:11     | Reached XP level 12. HP: 77/89 MP: 24/24
 13337 | D:11     | Noticed a two-headed ogre
 13338 | D:11     | Noticed a two-headed ogre
 13338 | D:11     | Noticed a two-headed ogre
 13341 | D:11     | Noticed an ogre mage
 13342 | D:11     | Noticed a two-headed ogre
 13344 | D:11     | Noticed a two-headed ogre
 13345 | D:11     | Noticed a two-headed ogre
 13349 | D:11     | Killed a two-headed ogre
 13380 | D:10     | Killed a two-headed ogre
 13547 | D:11     | Killed an ogre mage
 13557 | D:10     | Killed a two-headed ogre
 13558 | D:10     | Reached skill level 9 in Bows
 14033 | D:11     | Killed a two-headed ogre
 14043 | D:11     | Killed a two-headed ogre
 14058 | D:11     | Noticed a two-headed ogre
 14066 | D:11     | Killed a two-headed ogre
 14474 | D:11     | Identified a scroll of acquirement
 14474 | D:11     | Acquired the ring of Fixation {rElec AC+4 Str+3 Stlth+}
 14491 | D:11     | Killed a two-headed ogre
 15322 | D:11     | Reached ***** piety under Vehumet
 15511 | D:12     | Offered knowledge of Lee's Rapid Deconstruction by Vehumet.
 15528 | D:12     | Learned a level 5 spell: Lee's Rapid Deconstruction
 15962 | D:12     | Upgraded the game from 0.27-a0-1301-g128193abf8 to
                  | 0.27-a0-1308-gc08437e49b
 15999 | D:12     | Reached skill level 10 in Bows
 15999 | D:12     | Reached XP level 13. HP: 98/98 MP: 15/26
 16495 | D:12     | Identified the +0 leather armour "Huonekus" {Will+ Str+3}
 17125 | D:12     | Found a staircase to the Orcish Mines.
 17529 | D:12     | Found Goijuf's Antique Weapon Shop.
 18184 | Lair:1   | Entered Level 1 of the Lair of Beasts
 18371 | Lair:1   | Reached skill level 10 in Conjurations
 19356 | Lair:1   | Noticed Erica
 19371 | Lair:1   | Killed Erica
 19372 | Lair:1   | Reached skill level 11 in Bows
 19484 | Lair:1   | Offered knowledge of Conjure Ball Lightning by Vehumet.
 19491 | Lair:1   | Reached skill level 10 in Spellcasting
 19550 | Lair:1   | Learned a level 6 spell: Conjure Ball Lightning
 19995 | Lair:2   | Noticed Gastronok
 20014 | Lair:2   | Killed Gastronok
 20542 | Lair:2   | Reached XP level 14. HP: 97/106 MP: 28/28
 21085 | Lair:3   | Reached skill level 10 in Dodging
 21213 | Lair:3   | Found a staircase to the Swamp.
 21327 | Lair:3   | Found a hole to the Spider Nest.
 22256 | Lair:3   | Slain by a death yak

Illustrated notes

Levels and vault maps discovered:
D:1:      dpeg_arrival_windows_large_door, layout_basic,
          hellmonk_ecumenical_altar_heavens_door
D:2:      layout_rooms, basic_altar, uniq_robin
D:3:      layout_rooms, serial_shops, shop, grunt_ministairs_8
D:4:      minmay_goblin_kobold_castle, layout_loops_ring,
          minmay_temple_entry_slanted, kennysheep_crisscross, uniq_eustachio
D:5:      cheibrodos_two_vegetables, layout_gridville, led_xom_imps
D:6:      layout_basic, grunt_ministairs_2, minmay_manual_mullet
D:7:      layout_basic, uniq_prince_ribbit1, uniq_duvessa, uniq_joseph,
          uniq_harold
D:8:      layout_layer_cave, serial_shops, shop, shop, uniq_pikel
D:9:      minmay_octagon_keep, layout_layer_cave, david_lair_shrubbed
D:10:     layout_cave_pods, gammafunk_ghost_wrathful_warriors
D:11:     minmay_twisted_water, layout_long_grid, uniq_sonja
D:12:     cheibrodos_frozen_isle, layout_basic, erik_orc_3, serial_shops, shop,
          onia_ninara_cookie
Temple:   roderic_octagonal_lattice_temple
Lair:1:   layout_roguey, grunt_megastairs_2, infiniplex_staircase_pool,
          minmay_lair_oklob_chamber, uniq_erica
Lair:2:   layout_chaotic_city, uniq_gastronok
Lair:3:   layout_hall_layers, minmay_swamp_entry_worms,
          nicolae_spider_entry_tight_spaces, grunt_megastairs_4,
          serial_bayou_shore_a
Lair:4:   minmay_guarded_unrand_snakebite, layout_long_grid,
          serial_bayou_lagoon_a, ice2_lemuel, infiniplex_staircase_pool_2

Skill      XL: |  1  2  3  4  5  6  7  8  9 10 11 12 13 14 |
---------------+-------------------------------------------+-----
Spellcasting   | 5 6 7 8 9 10 | 10.3
Invocations    | 1 2 3 4 5 6 7 8 9 |  9.8
Fighting       | 1 2 3 4 5 6 7 8 9 |  9.0
Short Blades   | 1 2 3 4 5 6 7 8 9 |  9.0
Long Blades    | 1 2 3 4 5 6 7 8 9 |  9.0
Axes           | 1 2 3 4 5 6 7 8 9 |  9.0
Maces & Flails | 1 2 3 4 5 6 7 8 9 |  9.0
Polearms       | 1 2 3 4 5 6 7 8 9 |  9.0
Staves         | 1 2 3 4 5 6 7 8 9 |  9.0
Slings         | 1 2 3 4 5 6 7 8 9 |  9.0
Bows           | 1 2 3 4 6 8 10 11 | 11.6
Crossbows      | 1 2 3 4 5 6 7 8 9 |  9.0
Throwing       | 1 2 3 4 5 6 7 8 9 |  9.0
Armour         | 1 2 3 4 5 6 7 8 9 |  9.0
Shields        | 1 2 3 4 5 6 7 8 9 |  9.0
Unarmed Combat | 1 2 3 4 5 6 7 8 9 |  9.0
Evocations     | 1 2 3 4 5 6 7 8 9 |  9.0
Hexes          | 1 2 3 4 5 6 7 |  7.5
Summonings     | 1 2 3 4 5 6 7 |  7.5
Necromancy     | 1 2 3 4 5 6 7 |  7.5
Translocations | 1 2 3 4 5 6 7 |  7.5
Transmutations | 1 2 3 4 5 6 7 |  7.5
Fire Magic     | 1 2 3 4 5 6 7 |  7.5
Ice Magic      | 1 2 3 4 5 6 7 |  7.5
Air Magic      | 1 2 3 4 5 6 7 |  7.5
Earth Magic    | 1 2 3 4 5 6 7 |  7.5
Poison Magic   | 1 2 3 4 5 6 7 |  7.5
Dodging        | 5 6 7 8 9 10 | 10.1
Stealth        | 5 6 7 8 9 |  9.9
Conjurations   | 8 9 10 | 10.3

Action                   |  1- 3 |  4- 6 |  7- 9 | 10-12 | 13-15 || total
-------------------------+-------+-------+-------+-------+-------++-------
Melee: Dagger            |    11 |       |     5 |       |       ||    16
       Bite              |     1 |       |     5 |     7 |     4 ||    17
       Falchion          |       |     7 |     1 |       |       ||     8
       Quarterstaff      |       |       |    46 |    47 |    18 ||   111
       Unarmed           |       |       |       |     1 |       ||     1
       Scimitar          |       |       |       |       |    13 ||    13
       Staff             |       |       |       |       |     9 ||     9
       Punch             |       |       |       |       |     1 ||     1
 Cast: Magic Dart        |    47 |    68 |    14 |    39 |       ||   168
       Searing Ray       |     7 |    14 |    45 |   103 |    88 ||   257
       Poisonous Vapours |       |       |     9 |    47 |     4 ||    60
       Fulminant Prism   |       |       |    10 |    40 |    29 ||    79
       Iskenderun's Myst |       |       |     3 |    33 |    24 ||    60
       Mephitic Cloud    |       |       |       |    44 |    13 ||    57
       Airstrike         |       |       |       |    30 |    56 ||    86
       Lee's Rapid Decon |       |       |       |     7 |       ||     7
       Conjure Ball Ligh |       |       |       |       |     6 ||     6
  Use: Scroll            |       |       |       |    14 |     2 ||    16
       Potion            |       |       |       |    10 |     1 ||    11
 Stab: Sleeping          |       |       |     5 |       |     1 ||     6
       Confused          |       |       |       |     2 |       ||     2
Armor: Robe              |     5 |     2 |       |    37 |    35 ||    79
       Leather armour    |       |     4 |    25 |       |       ||    29
Dodge: Dodged            |    12 |     9 |    72 |   142 |    92 ||   327
       Rpst.: Falchion   |       |     2 |     3 |       |       ||     5
       Scimitar          |       |       |       |       |     1 ||     1

Table legend: (Time is in decaauts)
 A = Elapsed time spent in this place.
 B = Non-inter-level travel time spent in this place.
 C = Inter-level travel time spent in this place.
 D = Time resting spent in this place.
 E = Time spent auto-exploring this place.
 F = Levels seen in this place.
 G = Mean time per level.
                   A        B        C        D        E       F      G
               +--------+--------+--------+--------+--------+-----+--------+
         Total |  22394 |  21801 |    593 |   6327 |  11013 |  17 | 1317.3 |
       Dungeon |  18001 |  17500 |    501 |   5544 |   8107 |  12 | 1500.1 |
        Temple |    303 |    277 |     26 |      0 |    269 |   1 |  303.0 |
          Lair |   4089 |   4023 |     66 |    783 |   2636 |   4 | 1022.2 |
               +--------+--------+--------+--------+--------+-----+--------+

Top non-repeatable levels by time:
     D:6: 2413 daAuts
    D:12: 2362 daAuts
    D:11: 2058 daAuts
     D:8: 1949 daAuts
    D:10: 1920 daAuts
  Lair:1: 1747 daAuts
     D:4: 1701 daAuts
     D:9: 1474 daAuts
  Lair:3: 1332 daAuts
     D:5: 1192 daAuts
     D:1: 992 daAuts
  Lair:2: 918 daAuts
     D:7: 697 daAuts
     D:2: 636 daAuts
     D:3: 603 daAuts
